[Event "NOR-chT Eliteserien 2018-19"]
[Site "Norway"]
[Date "2018.11.04"]
[Round "3"]
[White "Hammer, Jon Ludvig"]
[Black "Notkevich, Benjamin Arvola"]
[Result "1-0"]
[ECO "D41"]
[WhiteElo "2659"]
[BlackElo "2506"]
[Annotator "broadcasts RC"]
[PlyCount "35"]
[EventDate "2018.11.02"]
[EventType "team-tourn"]
[EventCountry "NOR"]
[TimeControl "40/5400+30:1800+30"]

1. d4 Nf6 2. c4 e6 3. Nf3 d5 4. Nc3 c5 5. cxd5 Nxd5 6. e4 Nxc3 7. bxc3 cxd4 8. cxd4 Bb4+ 9. Bd2 Bxd2+ 10. Qxd2 O-O 11. Rc1 b6 12. Bd3 Ba6 13. O-O Qd6 14. e5 Qd7 15. Ng5 h6 16. Nh7 Qxd4 17. Nxf8 Kxf8 18. Rfd1 1-0

[Event "NOR-chT Eliteserien 2018-19"]
[Site "Norway"]
[Date "2018.11.04"]
[Round "3"]
[White "Christiansen, Johan-Sebastian"]
[Black "Haug, Johannes"]
[Result "1/2-1/2"]
[ECO "B11"]
[WhiteElo "2544"]
[BlackElo "2386"]
[Annotator "broadcasts RC"]
[PlyCount "74"]
[EventDate "2018.11.02"]
[EventType "team-tourn"]
[EventCountry "NOR"]
[TimeControl "40/5400+30:1800+30"]

1. e4 c6 2. Nf3 d5 3. Nc3 Bg4 4. h3 Bxf3 5. Qxf3 e6 6. d4 dxe4 7. Qxe4 Nf6 8. Qh4 Nbd7 9. Bd3 g6 10. O-O Bg7 11. Bg5 h6 12. Bd2 Qc7 13. Ne4 Nxe4 14. Qxe4 O-O 15. Qh4 Qd8 16. Qg3 c5 17. Qf3 Qb6 18. dxc5 Nxc5 19. Be3 Qc7 20. Bxc5 Qxc5 21. c3 b6 22. a4 Rad8 23. Rfd1 Qc7 24. Bf1 Rxd1 25. Rxd1 Rd8 26. Rxd8+ Qxd8 27. Qb7 a5 28. g3 Be5 29. Bc4 Qc7 30. Qe4 Kg7 31. h4 h5 32. Kg2 Bf6 33. Bb3 Be5 34. Bd1 Bf6 35. Bf3 Be5 36. Qe2 Bf6 37. Be4 Qc5 1/2-1/2

[Event "NOR-chT Eliteserien 2018-19"]
[Site "Norway"]
[Date "2018.11.04"]
[Round "3"]
[White "Blomqvist, Erik"]
[Black "Howell, David W L"]
[Result "1/2-1/2"]
[ECO "B13"]
[WhiteElo "2491"]
[BlackElo "2697"]
[Annotator "broadcasts RC"]
[PlyCount "60"]
[EventDate "2018.11.02"]
[EventType "team-tourn"]
[EventCountry "NOR"]
[TimeControl "40/5400+30:1800+30"]

1. e4 c6 2. d4 d5 3. exd5 cxd5 4. Bd3 Nc6 5. c3 Nf6 6. Bf4 Bg4 7. Qb3 Qd7 8. Nd2 e6 9. Ngf3 Bd6 10. Bxd6 Qxd6 11. O-O Rb8 12. a4 O-O 13. Rfe1 Bxf3 14. Nxf3 Qc7 15. Qc2 Rfc8 16. Qe2 a6 17. g3 Re8 18. Ne5 Nxe5 19. Qxe5 Qxe5 20. Rxe5 b5 21. axb5 axb5 22. b4 Rec8 23. Ra3 Ne8 24. Re1 Nd6 25. Kf1 Rc7 26. Ke2 Kf8 27. Kd2 Rbc8 28. h4 h5 29. Rea1 Ke7 30. Ra7 g6 1/2-1/2

[Event "NOR-chT Eliteserien 2018-19"]
[Site "Norway"]
[Date "2018.11.04"]
[Round "3"]
[White "Djurhuus, Rune"]
[Black "Tari, Aryan"]
[Result "0-1"]
[ECO "E52"]
[WhiteElo "2458"]
[BlackElo "2614"]
[Annotator "broadcasts RC"]
[PlyCount "70"]
[EventDate "2018.11.02"]
[EventType "team-tourn"]
[EventCountry "NOR"]
[TimeControl "40/5400+30:1800+30"]

1. d4 d5 2. c4 e6 3. Nc3 Bb4 4. e3 Nf6 5. Bd3 O-O 6. Nf3 dxc4 7. Bxc4 c5 8. O-O b6 9. a3 Bxc3 10. bxc3 Bb7 11. Qe2 Qc7 12. Bb2 Nbd7 13. Nd2 e5 14. f3 Rad8 15. a4 Rfe8 16. Bb5 a6 17. Bxa6 exd4 18. cxd4 Bxa6 19. Qxa6 Rxe3 20. Qc4 Qd6 21. Ne4 Nxe4 22. fxe4 Qe6 23. Qxe6 fxe6 24. a5 Rb3 25. Rf2 bxa5 26. Rxa5 Nf6 27. Ra7 cxd4 28. e5 Nh5 29. g4 d3 30. Bc1 Rb1 31. Rf1 Rf8 32. Re1 Nf4 33. Bd2 Ne2+ 34. Kg2 Rb2 35. Be3 Nc3+ 0-1

[Event "NOR-chT Eliteserien 2018-19"]
[Site "Norway"]
[Date "2018.11.04"]
[Round "3"]
[White "Ostenstad, Berge"]
[Black "Urkedal, Frode Olav Olsen"]
[Result "1/2-1/2"]
[ECO "E15"]
[WhiteElo "2443"]
[BlackElo "2539"]
[Annotator "broadcasts RC"]
[PlyCount "118"]
[EventDate "2018.11.02"]
[EventType "team-tourn"]
[EventCountry "NOR"]
[TimeControl "40/5400+30:1800+30"]

1. d4 Nf6 2. c4 e6 3. Nf3 b6 4. g3 Ba6 5. b3 Bb4+ 6. Bd2 Be7 7. Bg2 d5 8. cxd5 exd5 9. O-O O-O 10. Nc3 Bb7 11. Rc1 Nbd7 12. Bf4 c6 13. Rc2 Bb4 14. Ne1 Re8 15. Nd3 Bf8 16. b4 Ne4 17. b5 c5 18. Be3 Rc8 19. Nxe4 dxe4 20. Nb2 cxd4 21. Bxd4 Rxc2 22. Qxc2 Nc5 23. Rd1 Qc8 24. Be3 Rd8 25. Rxd8 Qxd8 26. a4 Qd5 27. Bxc5 Bxc5 28. Nc4 h5 29. e3 Bb4 30. h4 g6 31. Qb3 Qc5 32. Ne5 Bd5 33. Qd1 Bc3 34. Nc6 Bxc6 35. bxc6 Qxc6 36. Qc2 f5 37. Bf1 Kg7 38. Bb5 Qc5 39. Qd1 Qe7 40. Qd5 Kh6 41. Kg2 Qf6 42. Be8 Bb4 43. Qg8 Qg7 44. Qe6 Bc3 45. Kf1 Qf6 46. Qg8 Qd6 47. Kg2 Bg7 48. Qf7 a6 49. Qc4 Qe7 50. Qc6 Qf6 51. Qc4 a5 52. Qc6 Qxc6 53. Bxc6 g5 54. hxg5+ Kxg5 55. Be8 Bf8 56. Kf1 Kg4 57. Kg2 Bd6 58. Bd7 Bc5 59. Bb5 h4 1/2-1/2

[Event "NOR-chT Eliteserien 2018-19"]
[Site "Norway"]
[Date "2018.11.04"]
[Round "3"]
[White "Nilsen, Joachim Birger"]
[Black "Hobber, Anders"]
[Result "0-1"]
[ECO "D15"]
[WhiteElo "2405"]
[BlackElo "2307"]
[Annotator "broadcasts RC"]
[PlyCount "75"]
[EventDate "2018.11.02"]
[EventType "team-tourn"]
[EventCountry "NOR"]
[TimeControl "40/5400+30:1800+30"]

1. d4 d5 2. c4 c6 3. Nf3 Nf6 4. Nc3 a6 5. c5 Bf5 6. Qb3 Qc8 7. Nh4 Be6 8. g3 g6 9. Nf3 Bg7 10. Ng5 Bf5 11. Bg2 O-O 12. h3 h6 13. Nf3 Nbd7 14. Qa3 Re8 15. O-O Nf8 16. Kh2 N6d7 17. Na4 Be4 18. Be3 Ne6 19. Rad1 Qc7 20. Nc3 Bxf3 21. exf3 Ndxc5 22. dxc5 d4 23. Bxh6 Bxh6 24. Ne4 Rad8 25. f4 Rd5 26. Rfe1 Red8 27. h4 Rh5 28. Kg1 Rhd5 29. Ng5 Bxg5 30. hxg5 Nxc5 31. Bxd5 Rxd5 32. b4 Ne6 33. Qd3 Qd6 34. a3 Kg7 35. Rd2 c5 36. Rde2 b5 37. bxc5 Rxc5 38. Rd2 {[%emt 0:00:00] time} 0-1

[Event "NOR-chT Eliteserien 2018-19"]
[Site "Norway"]
[Date "2018.11.04"]
[Round "3"]
[White "Kaasen, Tor Fredrik"]
[Black "Nordquelle, Daniel"]
[Result "0-1"]
[ECO "E04"]
[WhiteElo "2396"]
[BlackElo "2213"]
[Annotator "broadcasts"]
[PlyCount "76"]
[EventDate "2018.11.02"]
[EventType "team-tourn"]
[EventCountry "NOR"]
[TimeControl "40/5400+30:1800+30"]

1. d4 d5 2. c4 e6 3. Nf3 Nf6 4. g3 Bb4+ 5. Nbd2 dxc4 6. Bg2 b5 7. O-O O-O 8. a4 c6 9. Qc2 a5 10. b3 c3 11. Nb1 bxa4 12. bxa4 Ba6 13. Re1 Nbd7 14. Nxc3 c5 15. dxc5 Rc8 16. Be3 Nxc5 17. Red1 Qe8 18. Nb5 Nxa4 19. Qxa4 Bxb5 20. Qa2 Nd5 21. Bd4 Nc3 22. Bxc3 Bxc3 23. Rac1 Bc4 24. Qc2 Bf6 25. Nd4 a4 26. Bc6 Rxc6 27. Nxc6 Bb3 28. Qc5 Bxd1 29. Rxd1 a3 30. Rd2 Bb2 31. Qb6 Qa8 32. Na7 Rb8 33. Qa6 Bd4 34. Qd3 Bxa7 35. Ra2 Bc5 36. Qc2 Bf8 37. e4 Qb7 38. h4 Qb1+ 0-1

[Event "NOR-chT Eliteserien 2018-19"]
[Site "Norway"]
[Date "2018.11.04"]
[Round "3"]
[White "Vestby-Ellingsen, Mads"]
[Black "Hauge, Lars Oskar"]
[Result "0-1"]
[ECO "A37"]
[WhiteElo "2385"]
[BlackElo "2449"]
[Annotator "broadcasts RC"]
[PlyCount "90"]
[EventDate "2018.11.02"]
[EventType "team-tourn"]
[EventCountry "NOR"]
[TimeControl "40/5400+30:1800+30"]

1. c4 c5 2. Nc3 Nc6 3. Nf3 g6 4. g3 Bg7 5. Bg2 d6 6. O-O Bf5 7. d3 Qd7 8. a3 Nf6 9. Rb1 Bh3 10. b4 Bxg2 11. Kxg2 O-O 12. Bd2 e6 13. Qb3 b6 14. e3 h5 15. h4 Rfd8 16. Rfc1 Qb7 17. e4 Ng4 18. Ne2 Nge5 19. Ng5 d5 20. cxd5 exd5 21. exd5 Ne7 22. bxc5 Rxd5 23. c6 N5xc6 24. Kg1 Rad8 25. Bc3 Qd7 26. Bxg7 Kxg7 27. Qc3+ f6 28. Ne4 Rf5 29. Rd1 Ne5 30. d4 Nf3+ 31. Kg2 Qb7 32. Qe3 Nd5 33. Qd3 Re8 34. Kf1 Qd7 35. Kg2 Qe6 36. N4c3 Qc6 37. Kh3 Ng5+ 38. hxg5 Rxf2 39. gxf6+ Nxf6 40. Rg1 Qe6+ 41. g4 hxg4+ 42. Kg3 Rf3+ 43. Qxf3 gxf3 44. Kxf3 Qe3+ 45. Kg2 Ne4 0-1

[Event "NOR-chT Eliteserien 2018-19"]
[Site "Norway"]
[Date "2018.11.04"]
[Round "3"]
[White "Tryggestad, Andreas Garberg"]
[Black "Holm, Kristian Stuvik"]
[Result "1/2-1/2"]
[ECO "E04"]
[WhiteElo "2343"]
[BlackElo "2467"]
[Annotator "broadcasts RC"]
[PlyCount "89"]
[EventDate "2018.11.02"]
[EventType "team-tourn"]
[EventCountry "NOR"]
[TimeControl "40/5400+30:1800+30"]

1. d4 Nf6 2. c4 e6 3. Nf3 d5 4. Nc3 c6 5. g3 dxc4 6. Bg2 b5 7. Ne5 a6 8. O-O Bb7 9. e4 Be7 10. b3 cxb3 11. axb3 O-O 12. Be3 Nbd7 13. Nd3 a5 14. g4 b4 15. Na4 Ba6 16. g5 Ne8 17. f4 Nc7 18. Rf3 c5 19. Rh3 Bxd3 20. Qxd3 cxd4 21. Bxd4 e5 22. Bb2 Ne6 23. Rd1 Ra7 24. Rxh7 Kxh7 25. Qh3+ Kg8 26. g6 Bh4 27. gxf7+ Kxf7 28. Bxe5 Bf6 29. Bd6 Rh8 30. Qe3 Ra6 31. e5 Nxe5 32. fxe5 Rxd6 33. exd6 Rh4 34. Nc5 Nxc5 35. Qxc5 Kg6 36. d7 a4 37. Qc2+ Kh6 38. Qd2+ Bg5 39. Qd6+ Bf6 40. bxa4 b3 41. Qd2+ Bg5 42. Qd6+ Bf6 43. Qd2+ Bg5 44. Qd6+ Bf6 45. Qd2+ 1/2-1/2

[Event "NOR-chT Eliteserien 2018-19"]
[Site "Norway"]
[Date "2018.11.04"]
[Round "3"]
[White "Stokke, Kjetil"]
[Black "Skrondal, Inge Sandstad"]
[Result "1-0"]
[ECO "B27"]
[WhiteElo "2332"]
[BlackElo "2270"]
[Annotator "broadcasts RC"]
[PlyCount "71"]
[EventDate "2018.11.02"]
[EventType "team-tourn"]
[EventCountry "NOR"]
[TimeControl "40/5400+30:1800+30"]

1. e4 c5 2. Nf3 g6 3. d4 cxd4 4. Qxd4 Nf6 5. e5 Nc6 6. Qf4 Nd5 7. Qe4 Nb6 8. Nc3 d5 9. exd6 Bf5 10. Qh4 Bg7 11. dxe7 Qxe7+ 12. Qxe7+ Nxe7 13. Bb5+ Nc6 14. Be3 O-O 15. O-O-O Bg4 16. Bxc6 bxc6 17. Bd4 Bxf3 18. gxf3 Rfd8 19. Bxg7 Kxg7 20. Rhe1 Kf6 21. Ne4+ Kf5 22. Nd6+ Kf4 23. Re3 Rd7 24. h4 c5 25. b4 Nc8 26. bxc5 Nxd6 27. Rxd6 Rxd6 28. cxd6 Rd8 29. Rd3 h5 30. c4 g5 31. c5 gxh4 32. c6 h3 33. c7 Rc8 34. Kb2 h2 35. Rd1 Ke5 36. d7 1-0

[Event "NOR-chT Eliteserien 2018-19"]
[Site "Norway"]
[Date "2018.11.04"]
[Round "3"]
[White "Flermoen, Peter"]
[Black "Dahl, Trygve"]
[Result "0-1"]
[ECO "B26"]
[WhiteElo "2316"]
[BlackElo "2283"]
[Annotator "broadcasts RC"]
[PlyCount "112"]
[EventDate "2018.11.02"]
[EventType "team-tourn"]
[EventCountry "NOR"]
[TimeControl "40/5400+30:1800+30"]

1. e4 c5 2. Nc3 Nc6 3. g3 g6 4. Bg2 Bg7 5. d3 d6 6. Nge2 e5 7. O-O Nge7 8. Be3 O-O 9. Qd2 Nd4 10. f4 Be6 11. Nd1 Rc8 12. c3 Nxe2+ 13. Qxe2 Qd7 14. Nf2 b5 15. Qd2 Rfd8 16. fxe5 dxe5 17. Rfd1 a5 18. Bh6 Nc6 19. Bxg7 Kxg7 20. Qe3 Qe7 21. Bf3 h5 22. h4 Rd7 23. Kg2 Rcd8 24. Be2 b4 25. Rdc1 bxc3 26. bxc3 Rb7 27. Rc2 Rdb8 28. Qc1 a4 29. Nd1 c4 30. Ne3 Qc5 31. Nxc4 Bxc4 32. dxc4 Na5 33. Qd2 Nxc4 34. Bxc4 Qxc4 35. Qd5 Qc7 36. Rd1 Rb2 37. Rdd2 a3 38. c4 Rd8 39. Qxd8 Qxd8 40. Rxd8 Rxc2+ 41. Kf3 Rc3+ 42. Ke2 Rxc4 43. Kf3 Rc3+ 44. Kf2 Rc2+ 45. Kf3 Rxa2 46. Ra8 Ra1 47. Ra6 a2 48. Kg2 Kf8 49. Ra7 Ke8 50. Ra8+ Kd7 51. Ra7+ Kc6 52. Ra6+ Kc5 53. Ra5+ Kd4 54. Ra4+ Ke3 55. Kh2 Rd1 56. Ra3+ Rd3 0-1

[Event "NOR-chT Eliteserien 2018-19"]
[Site "Norway"]
[Date "2018.11.04"]
[Round "3"]
[White "Hole, Oystein"]
[Black "Bern, Ivar"]
[Result "0-1"]
[ECO "A37"]
[WhiteElo "2307"]
[BlackElo "2295"]
[Annotator "broadcasts RC"]
[PlyCount "70"]
[EventDate "2018.11.02"]
[EventType "team-tourn"]
[EventCountry "NOR"]
[TimeControl "40/5400+30:1800+30"]

1. Nf3 c5 2. c4 Nc6 3. Nc3 e5 4. d3 d6 5. g3 g6 6. Bg2 Bg7 7. O-O Nge7 8. Rb1 O-O 9. Ne1 Be6 10. Nd5 Rb8 11. Nc2 b5 12. b4 bxc4 13. dxc4 Nxb4 14. Ncxb4 cxb4 15. Qa4 a5 16. a3 Nxd5 17. cxd5 Bd7 18. Qc2 Qb6 19. axb4 axb4 20. Be3 b3 21. Bxb6 bxc2 22. Rb4 Rfc8 23. Rc1 f5 24. Ba5 Ra8 25. Bb6 e4 26. Be3 Ra2 27. f3 Rb2 28. Rxb2 Bxb2 29. Kf2 Rc3 30. fxe4 Rxe3 31. Rxc2 Bd4 32. Rc4 Bb6 33. Kf1 fxe4 34. Rxe4 Rxe4 35. Bxe4 Bh3+ 0-1

[Event "NOR-chT Eliteserien 2018-19"]
[Site "Norway"]
[Date "2018.11.04"]
[Round "3"]
[White "Ranaldi, Lucas"]
[Black "Ekeberg, Carl Fredrik"]
[Result "1-0"]
[ECO "A13"]
[WhiteElo "2305"]
[BlackElo "2280"]
[Annotator "broadcasts"]
[PlyCount "65"]
[EventDate "2018.11.02"]
[EventType "team-tourn"]
[EventCountry "NOR"]
[TimeControl "40/5400+30:1800+30"]

1. c4 e6 2. g3 d5 3. Bg2 Nf6 4. Nf3 dxc4 5. Qa4+ Bd7 6. Qxc4 c5 7. Ne5 Qc8 8. O-O Nc6 9. Nxd7 Qxd7 10. Nc3 Rc8 11. Qa4 b6 12. d3 Be7 13. Be3 O-O 14. Rac1 Rfd8 15. Rfd1 Ne8 16. Ne4 Nf6 17. Nc3 Ne8 18. Ne4 Nf6 19. Bd2 Nd5 20. Kf1 h6 21. Rb1 a5 22. Rbc1 Qb7 23. Nc3 Bf6 24. Qg4 Qd7 25. Nxd5 exd5 26. Qxd7 Rxd7 27. Bh3 Rcd8 28. Bxd7 Rxd7 29. Bc3 Be7 30. e3 b5 31. Bd4 c4 32. dxc4 dxc4 33. a4 1-0

[Event "NOR-chT Eliteserien 2018-19"]
[Site "Norway"]
[Date "2018.11.04"]
[Round "3"]
[White "Gabrielsen, Trond"]
[Black "Gudbrandsen, Gustav"]
[Result "1-0"]
[ECO "C11"]
[WhiteElo "2291"]
[BlackElo "2265"]
[Annotator "broadcasts"]
[PlyCount "59"]
[EventDate "2018.11.02"]
[EventType "team-tourn"]
[EventCountry "NOR"]
[TimeControl "40/5400+30:1800+30"]

1. e4 e6 2. d4 d5 3. Nc3 Nf6 4. e5 Nfd7 5. f4 c5 6. Nf3 Nc6 7. Be3 a6 8. Qd2 b5 9. dxc5 Bxc5 10. Bd3 Qb6 11. Bf2 Nb4 12. O-O Nxd3 13. cxd3 Bxf2+ 14. Qxf2 b4 15. Na4 Qxf2+ 16. Kxf2 a5 17. Rfc1 Ba6 18. Ke3 Ke7 19. Rc7 Bb5 20. Nb6 Ra6 21. Nc8+ Kd8 22. Rac1 Bc4 23. Ra7 Rxa7 24. Nxa7 Ba6 25. Nd4 Nb8 26. Nac6+ Nxc6 27. Rxc6 Bb7 28. Rc5 Kd7 29. Rxa5 Kc7 30. Rc5+ 1-0

[Event "NOR-chT Eliteserien 2018-19"]
[Site "Norway"]
[Date "2018.11.04"]
[Round "3"]
[White "Nielsen, Andre"]
[Black "Rygg, Andreas Gangstad"]
[Result "1/2-1/2"]
[ECO "B77"]
[WhiteElo "2260"]
[BlackElo "1845"]
[Annotator "broadcasts"]
[PlyCount "84"]
[EventDate "2018.11.02"]
[EventType "team-tourn"]
[EventCountry "NOR"]
[TimeControl "40/5400+30:1800+30"]

1. e4 c5 2. Nf3 Nc6 3. d4 cxd4 4. Nxd4 g6 5. Nc3 Bg7 6. Be3 Nf6 7. Bc4 O-O 8. Bb3 d6 9. f3 Bd7 10. Qd2 Nxd4 11. Bxd4 b5 12. Nd5 Nxd5 13. Bxg7 Kxg7 14. exd5 Qb6 15. O-O-O a5 16. c3 b4 17. Qd4+ Qxd4 18. Rxd4 bxc3 19. bxc3 Rfc8 20. Kd2 Rcb8 21. Re1 a4 22. Bc2 e6 23. Rb1 exd5 24. Rxd5 Be6 25. Rxd6 Bxa2 26. Rxb8 Rxb8 27. Bxa4 Rb2+ 28. Ke3 Rxg2 29. Rd2 Rxd2 30. Kxd2 g5 31. Ke3 Kf6 32. Bb5 Ke5 33. c4 f5 34. c5 Bd5 35. Bd7 h6 36. Be8 Ke6 37. f4 Be4 38. fxg5 hxg5 39. Kd4 Bb7 40. c6 Bxc6 41. Bxc6 Kf6 42. Bg2 f4 1/2-1/2

[Event "NOR-chT Eliteserien 2018-19"]
[Site "Norway"]
[Date "2018.11.04"]
[Round "3"]
[White "David, Edwin"]
[Black "Mikalsen, Erlend"]
[Result "0-1"]
[ECO "B59"]
[WhiteElo "2218"]
[BlackElo "2368"]
[Annotator "broadcasts RC"]
[PlyCount "80"]
[EventDate "2018.11.02"]
[EventType "team-tourn"]
[EventCountry "NOR"]
[TimeControl "40/5400+30:1800+30"]

1. e4 c5 2. Nf3 d6 3. d4 cxd4 4. Nxd4 Nf6 5. Nc3 Nc6 6. Be2 e5 7. Nb3 Be7 8. O-O O-O 9. f3 Be6 10. Nd5 a5 11. Nxe7+ Qxe7 12. Bg5 a4 13. Nd2 d5 14. Kh1 h6 15. Bh4 g5 16. Bf2 Qb4 17. Qc1 Ne7 18. a3 Qd6 19. h4 Ng6 20. exd5 Bxd5 21. Nc4 Qe6 22. Nb6 Nf4 23. Nxa8 Rxa8 24. Qe3 N6h5 25. Rg1 Qf6 26. Bd3 gxh4 27. Be4 Ng3+ 28. Kh2 Kh8 29. Rae1 Bxe4 30. fxe4 Rg8 31. Qf3 Qc6 32. Be3 Nfh5 33. Qxf7 Nf6 34. Rgf1 Nxf1+ 35. Rxf1 Ng4+ 36. Kg1 Qxe4 37. Bc5 Ne3 38. Rf3 Nxg2 39. Qf6+ Kh7 40. Kh2 Nf4 0-1

[Event "NOR-chT Eliteserien 2018-19"]
[Site "Norway"]
[Date "2018.11.04"]
[Round "3"]
[White "Abdrlauf, Elham"]
[Black "Machlik, Endre"]
[Result "0-1"]
[ECO "B18"]
[WhiteElo "2160"]
[BlackElo "2154"]
[Annotator "broadcasts"]
[PlyCount "64"]
[EventDate "2018.11.02"]
[EventType "team-tourn"]
[EventCountry "NOR"]
[TimeControl "40/5400+30:1800+30"]

1. e4 c6 2. d4 d5 3. Nc3 dxe4 4. Nxe4 Bf5 5. Ng3 Bg6 6. h4 h6 7. Nh3 Nf6 8. Nf4 Bh7 9. Bc4 e6 10. c3 Bd6 11. Ngh5 O-O 12. Qf3 Nbd7 13. Be3 e5 14. Qg3 Ne8 15. dxe5 Nxe5 16. Bb3 Nd3+ 17. Ke2 Nxb2 18. Bd4 Nd3 19. Be3 Qa5 20. Bd2 Rd8 21. Rhd1 Nxf4+ 22. Nxf4 Nf6 23. c4 Qe5+ 24. Kf1 Ne4 25. Qe3 Nxd2+ 26. Qxd2 Qxf4 27. Qa5 b6 28. Qxa7 Bc5 29. f3 Qe3 30. Qxf7+ Kxf7 31. Rd2 Rxd2 32. Re1 Qf2# 0-1

[Event "NOR-chT Eliteserien 2018-19"]
[Site "Norway"]
[Date "2018.11.04"]
[Round "3"]
[White "Diesen, Bruce"]
[Black "Lindbol, Aleksander"]
[Result "0-1"]
[ECO "B12"]
[WhiteElo "2159"]
[BlackElo "2141"]
[Annotator "broadcasts"]
[PlyCount "164"]
[EventDate "2018.11.02"]
[EventType "team-tourn"]
[EventCountry "NOR"]
[TimeControl "40/5400+30:1800+30"]

1. e4 c6 2. d4 d5 3. e5 Bf5 4. Nf3 e6 5. Be2 Nd7 6. O-O h6 7. Nbd2 Ne7 8. Nb3 g5 9. Bd2 a5 10. a4 Bg7 11. Bc3 b6 12. Qd2 Ng6 13. g3 g4 14. Ne1 f6 15. f4 gxf3 16. Nxf3 O-O 17. Bd3 fxe5 18. Nxe5 Ngxe5 19. dxe5 Bxd3 20. cxd3 Qe8 21. Rxf8+ Nxf8 22. Nc1 Nh7 23. h4 Qh5 24. Qe2 Qg6 25. Kg2 c5 26. d4 cxd4 27. Bxd4 Rc8 28. Nd3 Rc4 29. Be3 Qe4+ 30. Kf2 Bxe5 31. Rf1 Nf6 32. Bf4 Bd4+ 33. Ke1 Rxa4 34. Bxh6 Ra1+ 35. Kd2 Rxf1 36. Qxf1 Qg6 37. Bf4 Ne4+ 38. Kc1 Qf5 39. Qd1 e5 40. g4 Qf6 41. Bh2 Qxh4 42. Bg1 Qh6+ 43. Kb1 Qh1 44. Qa4 Qxg1+ 45. Ka2 Nf6 46. Qc6 Qf1 47. Qe6+ Kf8 48. g5 Ne8 49. Nxe5 Bxe5 50. Qxe5 Qc4+ 51. b3 Qc2+ 52. Ka3 Qc5+ 53. Ka2 d4 54. Qh8+ Ke7 55. Qh7+ Kd8 56. g6 Qf5 57. Qh4+ Qf6 58. Qe4 Ng7 59. Qa8+ Kc7 60. Qa7+ Kc6 61. Qa8+ Kd6 62. Qe4 Ne6 63. Qb7 Kc5 64. Qc8+ Kd5 65. Qb7+ Ke5 66. Qxb6 Qxg6 67. Qxa5+ Kf6 68. Qd2 Qe4 69. b4 d3 70. Qc3+ Qd4 71. Qd2 Nf4 72. Kb3 Kf5 73. b5 Nd5 74. b6 Qb4+ 75. Qxb4 Nxb4 76. b7 Nc6 77. Kc3 Ke4 78. Kd2 Kd4 79. Kd1 Ke3 80. Ke1 d2+ 81. Kd1 Nb8 82. Kc2 Ke2 0-1

[Event "NOR-chT Eliteserien 2018-19"]
[Site "Norway"]
[Date "2018.11.04"]
[Round "3"]
[White "Lahlum, Hans Olav"]
[Black "Gullaksen, Eirik"]
[Result "1/2-1/2"]
[ECO "A40"]
[WhiteElo "2115"]
[BlackElo "2356"]
[Annotator "broadcasts RC"]
[PlyCount "45"]
[EventDate "2018.11.02"]
[EventType "team-tourn"]
[EventCountry "NOR"]
[TimeControl "40/5400+30:1800+30"]

1. d4 g6 2. e4 Bg7 3. c4 Nc6 4. Ne2 e5 5. d5 Nd4 6. Nxd4 exd4 7. Bd3 c5 8. O-O d6 9. f4 Ne7 10. Qe2 O-O 11. Nd2 Re8 12. Qf2 f5 13. Re1 fxe4 14. Nxe4 Bf5 15. Bd2 Qd7 16. Kh1 Bxe4 17. Rxe4 Nf5 18. Rae1 Rxe4 19. Bxe4 Re8 20. Bd3 Kf8 21. b3 Rxe1+ 22. Qxe1 h5 23. Qe2 1/2-1/2

[Event "NOR-chT Eliteserien 2018-19"]
[Site "Norway"]
[Date "2018.11.04"]
[Round "3"]
[White "Machlik, Edit"]
[Black "Getz, Nicolai"]
[Result "1/2-1/2"]
[ECO "D92"]
[WhiteElo "2110"]
[BlackElo "2392"]
[Annotator "broadcasts RC"]
[PlyCount "41"]
[EventDate "2018.11.02"]
[EventType "team-tourn"]
[EventCountry "NOR"]
[TimeControl "40/5400+30:1800+30"]

1. d4 Nf6 2. c4 g6 3. Nc3 d5 4. Bf4 Bg7 5. Nf3 Na6 6. e3 c5 7. dxc5 Qa5 8. Rc1 O-O 9. cxd5 Nxc5 10. Qd2 b6 11. Bc4 Ba6 12. Bxa6 Qxa6 13. Qe2 Qb7 14. d6 Rad8 15. O-O exd6 16. Rfd1 d5 17. Nb5 Qa6 18. Nc3 Qb7 19. Nb5 Qa6 20. Nc3 Qb7 21. Nb5 1/2-1/2